 Dungeon Crawl Stone Soup version 0.31-a0-441-g867994ef1c (webtiles) character file.

Game seed: 14138636962146389286

389 Midn8 the Shooter (level 6, -5/37 HPs)
             Began as a Deep Elf Shapeshifter on Aug 3, 2023.
             Was a Believer of Makhleb.
             Slain by an elf zombie (7 damage)
             ... in an ossuary.
             The game lasted 00:15:20 (2954 turns).

Midn8 the Shooter (Deep Elf Shapeshifter)           Turns: 2954, Time: 00:15:21

Health: -5/37      AC:  3    Str: 12    XL:     6   Next: 50%
Magic:  8/8        EV: 13    Int: 13    God:    Makhleb [**....]
Gold:   176        SH:  0    Dex: 17    Spells: 5/5 levels left

rFire   . . .        i - +0 sling
rCold   . . .        (no shield)
rNeg    . . .        l - +0 leather armour
rPois   .            (helmet currently unavailable)
rElec   .            (cloak currently unavailable)
rCorr   +            (gloves currently unavailable)
SInv    .            (boots currently unavailable)
Will    +....        (no amulet)
Stlth   ++           p - ring of resist corrosion
HPRegen 0.26/turn    (no ring)
MPRegen 0.11/turn

%: no passive effects
@: beast-form, attractive, enlightened, flying
A: beast (slay +2)
a: Begin Untransformation, Renounce Religion, Minor Destruction


You were in an ossuary.
You worshipped Makhleb.
Makhleb was pleased with you.
You were a hulking beast.
You visited 1 branch of the dungeon, and saw 4 of its levels.
You also visited: Ossuary.

You collected 176 gold pieces.

Inventory:

Hand Weapons
 e - a +0 short sword
 i - a +0 sling (weapon)
Missiles
 f - 3 boomerangs
Armour
 d - a +2 pair of boots
 k - a +2 hat
 l - a +0 leather armour (worn)
 s - a +1 pair of boots
Jewellery
 p - a ring of resist corrosion (left hand)
Talismans
 c - a beast talisman (active)
Scrolls
 o - 2 scrolls of teleportation
Potions
 h - a potion of cancellation
 t - a potion of attraction


   Skills:
 - Level 3.0 Fighting
 - Level 6.0 Ranged Weapons
 + Level 3.3 Dodging
 - Level 2.8 Stealth
 - Level 2.4 Unarmed Combat
 - Level 3.2 Shapeshifting


You had 5 spell levels left.
You didn't know any spells.
Your spell library contained the following spells:

 Spells                   Type           Power      Damage    Failure   Level
 Apportation              Tloc           0%         N/A       36%         1
 Necrotise                Necr           0%         1d4       36%         1
 Summon Small Mammal      Summ           0%         N/A       36%         1
 Portal Projectile        Hex/Tloc       0%         N/A       75%         3
 Tukima's Dance           Hex            0%         N/A       75%         3
 Iskenderun's Mystic Bla  Conj/Tloc      0%         2d3       98%         4


Dungeon Overview and Level Annotations

Branches:
Dungeon (4/15)             Temple (0/1) D:4         Ossuary (1/1)

Altars:
Hepliaklqana
Makhleb
The Shining One

Annotations:
D:3 2 transporters, LeprechaunX's ghost, amateur OpSh


Message History

Fire: i) +0 sling
Press: ? - help, Q - select action, (/) - cycle Shift-Dir - straight line, f/p - elf zombie
Aim: an elf zombie (moderately damaged, 64% to hit)
You shoot a sling bullet.
The sling bullet barely misses the elf zombie.
The sling bullet hits the quokka zombie!
You destroy the quokka zombie!
Makhleb accepts your kill.
Fire: i) +0 sling
Press: ? - help, Q - select action, (/) - cycle Shift-Dir - straight line, f - hobgoblin zombie, p - elf zombie
Aim: a hobgoblin zombie (81% to hit)
You shoot a sling bullet. The sling bullet hits the elf zombie.
The elf zombie is heavily damaged.
The elf zombie misses you.
Fire: i) +0 sling
Press: ? - help, Q - select action, (/) - cycle Shift-Dir - straight line, f/p - hobgoblin zombie
Aim: a hobgoblin zombie (81% to hit)
You shoot a sling bullet. The sling bullet hits the elf zombie.
The elf zombie is heavily damaged.
The elf zombie closely misses you.
Fire: i) +0 sling
Press: ? - help, Q - select action, (/) - cycle Shift-Dir - straight line, f/p - hobgoblin zombie
Aim: a hobgoblin zombie (81% to hit)
You shoot a sling bullet. The sling bullet hits the elf zombie!
The elf zombie is heavily damaged.
The elf zombie hits you.
* * * LOW HITPOINT WARNING * * *
Fire: i) +0 sling
Press: ? - help, Q - select action, (/) - cycle Shift-Dir - straight line, f/p - hobgoblin zombie
Aim: a hobgoblin zombie (81% to hit)
You shoot a sling bullet. The sling bullet hits the elf zombie!
The elf zombie is severely damaged.
The elf zombie hits you.
* * * LOW HITPOINT WARNING * * *
It was a potion of magic.
Magic courses through your body. The elf zombie barely misses you.
It was a potion of enlightenment.
You feel very buoyant.
You fly up into the air.
The elf zombie hits you!
You die...

# #####
# #.^^#
+ +^∩.#
# #.h.#
# ##Z##
#.Z.#
##...##
#.....#
##...##
#...#
#...#
#....Z


You could see a hobgoblin zombie and an elf zombie.

Vanquished Creatures
  A black bear (D:4)
  Natasha (thrice) (D:3)
  2 mummies
  4 gnolls (D:2)
  7 adders
  A worm (D:2)
  A dart slug (D:4)
  5 bats
  11 endoplasms
  7 giant cockroaches
  9 hobgoblins
  2 jackals
  A quokka (D:1)
  10 ball pythons
  5 frilled lizards
  11 goblins
  8 kobolds
  A quokka zombie (Ossuary)
  8 rats
97 creatures vanquished.

Notes
Turn   | Place    | Note
-------+----------+-------------------------------------------
     0 | D:1      | Midn8 the Deep Elf Shapeshifter began the quest for the
                  | Orb.
     0 | D:1      | Reached XP level 1. HP: 11/11 MP: 3/3
    45 | D:1      | Reached skill level 1 in Stealth
   174 | D:1      | Reached XP level 2. HP: 14/16 MP: 4/4
   360 | D:1      | Reached skill level 1 in Ranged Weapons
   622 | D:1      | Reached skill level 2 in Ranged Weapons
   622 | D:1      | Reached XP level 3. HP: 20/20 MP: 5/5
   888 | D:2      | Reached skill level 3 in Ranged Weapons
   913 | D:2      | Reached XP level 4. HP: 12/24 MP: 6/6
  1019 | D:2      | Reached skill level 4 in Ranged Weapons
  1658 | D:2      | Reached skill level 5 in Ranged Weapons
  1894 | D:3      | Found a faded altar of an unknown god.
  1897 | D:3      | Found a glowing golden altar of the Shining One.
  1902 | D:3      | Prayed at the altar of an unknown god.
  1902 | D:3      | Became a worshipper of Makhleb the Destroyer
  1902 | D:3      | Reached * piety under Makhleb
  1948 | D:3      | Reached XP level 5. HP: 28/28 MP: 7/7
  1951 | D:3      | Noticed Natasha
  1959 | D:3      | Killed Natasha
  2028 | D:3      | Noticed Natasha
  2146 | D:3      | Reached skill level 6 in Ranged Weapons
  2169 | D:3      | Found a transporter.
  2173 | D:3      | Noticed LeprechaunX's ghost (amateur OpSh)
  2254 | D:3      | Found a transporter.
  2264 | D:3      | Reached skill level 1 in Fighting
  2371 | D:3      | Found a hazy altar of Hepliaklqana.
  2405 | D:3      | Killed Natasha
  2416 | D:3      | Noticed Natasha
  2421 | D:3      | Killed Natasha
  2706 | D:4      | Reached ** piety under Makhleb
  2747 | D:4      | Found a staircase to the Ecumenical Temple.
  2832 | D:4      | Noticed a black bear
  2843 | D:4      | Killed a black bear
  2844 | D:4      | Reached XP level 6. HP: 37/37 MP: 8/8
  2897 | D:4      | Found a sand-covered staircase.
  2914 | Ossuary  | Entered an ossuary
  2952 | Ossuary  | HP: 1/37 [elf zombie (4)]
  2954 | Ossuary  | Slain by an elf zombie

Illustrated notes

Levels and vault maps discovered:
D:1:      tarquinn_simple_flora_water_c, layout_loops_ring, minmay_pentomino_s2
D:2:      layout_rooms, kennysheep_generic_room_14
D:3:      layout_loops_cross, nicolae_overflow_ecumenical_swirl,
          nicolae_hepliaklqana_hippocampus, gammafunk_ghost_mausoleum,
          uniq_natasha
D:4:      layout_gridville, minmay_temple_entry_statues_pillars, serial_shops,
          nicolae_shop_rolling_square, gup_ossuary_entry_pyramid, uniq_grinder,
          uniq_ijyb
Ossuary:  ossuary_minmay_chase

Skill      XL: |  1  2  3  4  5  6 |
---------------+-------------------+-----
Stealth        | 2 |  2.8
Ranged Weapons | 2 3 5 6 |  6.0
Fighting       | 3 |  3.0
Dodging        | 3 |  3.3
Unarmed Combat | |  2.4
Shapeshifting  | |  3.2

Action                     |  1- 3 |  4- 6 || total
---------------------------+-------+-------++-------
  Melee: Short sword       |    44 |       ||    44
         Unarmed           |     2 |     9 ||    11
   Fire: Sling             |    73 |   189 ||   262
    Use: Scroll            |       |     7 ||     7
         Potion            |       |     7 ||     7
   Stab: Sleeping          |     1 |       ||     1
 Armour: Animal skin       |     2 |       ||     2
         Leather armour    |     5 |    16 ||    21
         Skin              |       |    22 ||    22
  Dodge: Dodged            |    36 |    55 ||    91

Table legend: (Time is in decaauts)
 A = Elapsed time spent in this place.
 B = Non-inter-level travel time spent in this place.
 C = Inter-level travel time spent in this place.
 D = Time resting spent in this place.
 E = Time spent auto-exploring this place.
 F = Levels seen in this place.
 G = Mean time per level.
                   A        B        C        D        E       F      G
               +--------+--------+--------+--------+--------+-----+--------+
         Total |   3008 |   2807 |    201 |    420 |   1263 |   5 |  601.6 |
       Dungeon |   2966 |   2765 |    201 |    420 |   1263 |   4 |  741.5 |
       Ossuary |     42 |     42 |      0 |      0 |      0 |   1 |   42.0 |
               +--------+--------+--------+--------+--------+-----+--------+

Top non-repeatable levels by time:
     D:1: 1099 daAuts
     D:2: 800 daAuts
     D:3: 723 daAuts
     D:4: 342 daAuts
 Ossuary: 42 daAuts
